 Dungeon Crawl Stone Soup version 0.30.1-9-gdf580d7c3d (webtiles) character file.

Game seed: 4795189249115647395

35 monsoonserge the Grasshopper (level 3, -1/27 HPs)
             Began as a Demonspawn Warper on Oct 17, 2023.
             Slain by an adder (3 damage)
             ... on level 2 of the Dungeon.
             The game lasted 00:02:58 (877 turns).

monsoonserge the Grasshopper (Demonspawn Warper)     Turns: 877, Time: 00:02:58

Health: -1/27      AC:  6    Str: 11    XL:     3   Next: 16%
Magic:  12/15      EV: 11    Int: 16    God:
Gold:   69         SH:  4    Dex: 12    Spells: 4/6 levels left

rFire   + . .        a - +0 falchion
rCold   + . .        (no shield)
rNeg    . . .        b - +0 leather armour
rPois   +            (no helmet)
rElec   +            (no cloak)
rCorr   +            (no gloves)
SInv    .            e - +2 pair of boots
Will    .....        (no amulet)
Stlth   +            f - ring of magical power
HPRegen 0.24/turn    (no ring)
MPRegen 0.14/turn

%: no passive effects
@: resistant, attractive
A: condensation shield, weakness stinger 1, fangs 1, talons 1
a: no special abilities


You were on level 2 of the Dungeon.
You visited 1 branch of the dungeon, and saw 2 of its levels.

You collected 69 gold pieces.

Inventory:

Hand Weapons
 a - a +0 falchion (weapon)
Missiles
 d - 7 boomerangs of dispersal (quivered)
Armour
 b - a +0 leather armour (worn)
 e - a +2 pair of boots (worn)
Jewellery
 f - a ring of magical power (left hand)
Scrolls
 c - a scroll of blinking
 h - a scroll of teleportation {unknown}
 i - a scroll of identify {unknown}
 k - a scroll of vulnerability {unknown}
 l - 2 scrolls of summoning {unknown}
Potions
 g - 2 potions of resistance


   Skills:
 + Level 2.0 Fighting
 + Level 2.2 Long Blades
 + Level 0.8 Throwing
 + Level 1.4 Armour
 + Level 1.8 Dodging
 - Level 2.0 Spellcasting
 + Level 3.4 Translocations


You had 4 spell levels left.
You knew the following spells:

 Your Spells              Type           Power      Damage    Failure   Level
a - Blink                 Tloc           24%        N/A       11%         2

Your spell library contained the following spells:

 Spells                   Type           Power      Damage    Failure   Level
 Lesser Beckoning         Tloc           24%        N/A       11%         2
 Teleport Other           Tloc           12%        N/A       21%         3
 Vhi's Electric Charge    Tloc/Air       14%        N/A       38%         3
 Manifold Assault         Tloc           12%        N/A       56%         4


Dungeon Overview and Level Annotations

Branches:
Dungeon (2/15)

Altars:


Innate Abilities, Weirdness & Mutations

A meltable shield of frost defends you. (SH +4)
You have a small tail.
You have very sharp teeth.
You have sharp toenails.


Message History

The adder is lightly wounded.
You feel sick. The adder closely misses you. x2
You barely miss the adder.
The adder is lightly wounded.
You feel sick. The adder barely misses you.
Casting: Blink (safe; 11% risk of failure)
Confirm with . or Enter, or press ? or * to list all spells.
You miscast Blink.
You are very lightly contaminated with residual magic.
Nothing appears to happen.
You feel sick. You block the adder's attack.
The adder bites you but does no damage.
Casting: Blink (safe; 11% risk of failure)
Confirm with . or Enter, or press ? or * to list all spells.
You blink.
You feel sick. The adder bites you but does no damage.
A giant cockroach comes into view.
You closely miss the adder.
Your tail-slap misses the adder.
The adder is lightly wounded.
You feel sick. The adder barely misses you. The adder bites you.
You are more poisoned.
The adder poisons you!
You miss the adder.
The adder is lightly wounded.
You feel sick. The adder bites you.
* * * LOW HITPOINT WARNING * * *
It was a potion of resistance.
You feel protected.
You feel stable enough to blink again.
You feel sick. The adder bites you but does no damage.
It was a potion of attraction.
You feel attractive to monsters.
You feel sick.
The adder bites you but does no damage. x2
It was a potion of mutation.
You feel extremely strange.
Your toenails lengthen and sharpen.
Your teeth lengthen and sharpen.
You feel sick. The adder barely misses you.
Your magical contamination has completely faded away.
You hit the adder. Your bite misses the adder.
The adder is heavily wounded.
You feel sick.
You are no longer poisoned.
The adder bites you.
You die...

#######.# #.##...... .
........#### #.
#.##..... ########.^.#
#.##.#..♣♣..
#....†<..###.##.#......
#.####......... ...#
##......## ...#
##......# #.S.......
#@....###. #..#.##
#(.#.# .....# ###..#
..# ... .###


You could see an adder.

Vanquished Creatures
  An adder (D:2)
  2 ball pythons
  2 bats (D:1)
  2 endoplasms (D:1)
  2 goblins (D:1)
  7 hobgoblins
  2 quokkas (D:1)
  2 kobolds (D:1)
  A rat (D:1)
21 creatures vanquished.

Notes
Turn   | Place    | Note
-------+----------+-------------------------------------------
     0 | D:1      | monsoonserge the Demonspawn Warper began the quest for the
                  | Orb.
     0 | D:1      | Reached XP level 1. HP: 16/16 MP: 3/3
   185 | D:1      | Reached skill level 3 in Translocations
   280 | D:1      | Gained mutation: A meltable shield of frost defends you.
                  | (SH +4) [demonic ancestry]
   280 | D:1      | Reached XP level 2. HP: 22/22 MP: 5/5
   283 | D:1      | Learned a level 2 spell: Blink
   299 | D:1      | Reached skill level 1 in Armour
   796 | D:2      | Gained mutation: You have a small tail. [demonic ancestry]
   796 | D:2      | Reached XP level 3. HP: 27/27 MP: 6/6
   876 | D:2      | Gained mutation: You have sharp toenails. [potion of
                  | mutation]
   876 | D:2      | Gained mutation: You have very sharp teeth. [potion of
                  | mutation]
   877 | D:2      | Slain by an adder

Illustrated notes

Levels and vault maps discovered:
D:1:      lightli_iron_boxes, layout_basic, minmay_tall_x
D:2:      layout_loops_ring, minmay_statues_item, hangedman_decor_growths,
          serial_park_tiny_1, kennysheep_generic_room_5

Skill      XL: |  1  2 |
---------------+-------+-----
Translocations | 3 |  3.4
Armour         | 1 |  1.4
Long Blades    | 2 |  2.2
Fighting       | |  2.0
Throwing       | |  0.8
Dodging        | |  1.8
Spellcasting   | |  2.0

Action                     || total
---------------------------++-------
  Melee: Falchion          ||    87
         Tailslap          ||     1
   Cast: Blink             ||     2
    Use: Potion            ||     3
 Armour: Leather armour    ||    37
  Dodge: Dodged            ||    40
  Block: Other             ||    15
